 Dungeon Crawl Stone Soup version 0.25.0-33-gff14898 (webtiles) character file.

Game seed: 4916767541744494759

171 Gadfly the Ruffian (level 5, -2/41 HPs)
             Began as a Draconian Transmuter on July 8, 2020.
             Killed by divine providence
             ... invoked by an orc priest
              (12 damage)
             ... on level 4 of the Dungeon.
             The game lasted 00:04:57 (3062 turns).

Gadfly the Ruffian (Draconian Transmuter)           Turns: 3062, Time: 00:04:58

Health: -2/41      AC:  8    Str: 13    XL:     5   Next: 26%
Magic:  9/9        EV: 13    Int: 13    God:
Gold:   165        SH:  0    Dex: 12    Spells: 3/9 levels left

rFire    . . .     SeeInvis .   b - +2 quarterstaff (chaos)
rCold    . . .     Gourm    .   (shield currently unavailable)
rNeg     . . .     Faith    .   (armour unavailable)
rPois    +         Spirit   .   (helmet restricted)
rElec    .         Reflect  .   m - +0 cloak
rCorr    .         Harm     .   k - +0 pair of gloves
MR       .....                  q - +0 pair of boots
Stlth    +.........             (no amulet)
HPRegen  0.13/turn              o - ring of poison resistance
MPRegen  0.11/turn              (no ring)

@: no status effects
A: unfitting armour, cold-blooded, AC +5
a: no special abilities


You were on level 4 of the Dungeon.
You were hungry.

You visited 1 branch of the dungeon, and saw 4 of its levels.

You collected 165 gold pieces.

Inventory:

Hand Weapons
 b - a +2 quarterstaff of chaos (weapon)
 l - a +2 mace of protection
Missiles
 a - 11 arrows
Armour
 k - a +0 pair of gloves (worn)
 m - a +0 cloak (worn)
 q - a +0 pair of boots (worn)
Jewellery
 o - a ring of poison resistance (left hand)
Scrolls
 d - 2 scrolls of enchant armour
 h - 4 scrolls of remove curse
 s - a scroll of enchant weapon {unknown}
 t - a scroll of identify
Potions
 e - 2 potions of haste
 f - 3 potions of heal wounds
 i - a potion of ambrosia
 j - a potion of mutation
 n - 2 potions of curing
 p - 2 potions of flight
 r - a potion of degeneration {unknown}
Comestibles
 c - 6 rations
 g - a chunk of flesh


   Skills:
 + Level 2.0 Fighting
 * Level 2.7 Dodging
 * Level 3.8 Unarmed Combat
 * Level 2.9 Spellcasting
 * Level 3.2 Transmutations


You had 3 spell levels left.
You knew the following spells:

 Your Spells              Type           Power        Failure   Level  Hunger
a - Beastly Appendage     Tmut           ##....       6%          1    #......
b - Sticks to Snakes      Tmut           ##......     9%          2    ###....
c - Spider Form           Tmut/Pois      #.........   34%         3    ###....

Your spell library contained the following spells:

 Spells                   Type           Power        Failure   Level  Hunger
 Ice Form                 Ice/Tmut       #.......     75%         4    #####..
 Blade Hands              Tmut           ##........   86%         5    ######.


Dungeon Overview and Level Annotations

Branches:
Dungeon (4/15)
 Temple: D:4-7

Altars:
Ashenzari
Gozag
Trog


Innate Abilities, Weirdness & Mutations

Your plain brown scales are hard. (AC +5)
You cannot fit into any form of body armour.
You are cold-blooded and may be slowed by cold attacks.


Message History

The orc misses you.
You sock the orc!
You kill the orc!
The orc priest casts a cantrip, but nothing happens.
You hit the orc priest.
You feel better.
The orc priest is moderately wounded.
The orc priest misses you.
You barely miss the orc priest.
The orc priest is moderately wounded.
The orc priest closely misses you.
You closely miss the orc priest.
The orc priest is moderately wounded.
The orc priest mumbles some strange prayers to Beogh against you.
Beogh smites you!
* * * LOW HITPOINT WARNING * * *
You hit the orc priest.
The orc priest is almost dead.
The orc priest calls down the wrath of Beogh upon you.
Beogh smites you!
You die...

#.#..........#...###.#
#.#.####.#.#.#####
#####.#.# #.#...#
#.......# #.###.#
#..)....# #...#.#
#.......######.#.#
#..............#
#.......###########
#.......# #.@o...#
#......## #.####.#
#......# #(# #......#
#(# #......# #(#
#?.....#####.#
##.........(.#
#############


You could see an orc priest.

Vanquished Creatures
  An orc priest (D:4)
  Crazy Yiuf (D:2)
  2 adders
  4 oozes
  A worm (D:2)
  5 dart slugs
  A leopard gecko (D:3)
  4 orcs
  8 bats
  2 giant cockroaches
  7 hobgoblins
  3 jackals (D:2)
  6 kobolds
  3 frilled lizards
  7 goblins
  2 rats
57 creatures vanquished.

Notes
Turn   | Place    | Note
-------+----------+-------------------------------------------
     0 | D:1      | Gadfly the Draconian Transmuter began the quest for the
                  | Orb.
     0 | D:1      | Reached XP level 1. HP: 16/16 MP: 3/3
     5 | D:1      | Found a shattered altar of Ashenzari.
   322 | D:1      | Reached XP level 2. HP: 18/23 MP: 3/5
   826 | D:1      | Learned a level 2 spell: Sticks to Snakes
  1066 | D:2      | Reached XP level 3. HP: 25/28 MP: 4/6
  1142 | D:2      | Found a runed translucent door.
  1151 | D:2      | Noticed Crazy Yiuf
  1426 | D:2      | Learned a level 3 spell: Spider Form
  1662 | D:2      | Found an opulent altar of Gozag.
  1825 | D:2      | Killed Crazy Yiuf
  1825 | D:2      | Reached XP level 4. HP: 16/36 MP: 1/7
  2743 | D:3      | Found a bloodstained altar of Trog.
  3047 | D:4      | Reached XP level 5. HP: 41/41 MP: 9/9
  3062 | D:4      | Killed from afar by an orc priest

Illustrated notes

Levels and vault maps discovered:
D:1:      dpeg_arrival_long_road, layout_loops_ring, minmay_misc_feat_roman,
          nicolae_ashenzari_panopticon
D:2:      layout_basic, nicolae_gozag_cash_rules_everything_around_me,
          first_ration, uniq_crazy_yiuf_cottage
D:3:      layout_basic, lightli_temple_of_fire
D:4:      layout_basic, minitemple, minmay_temple_entry_trees, uniq_ijyb

Skill      XL: |  1  2  3  4  5 |
---------------+----------------+-----
Dodging        | 2 |  2.7
Transmutations | 3 |  3.2
Fighting       | 2 |  2.0
Unarmed Combat | |  3.8
Spellcasting   | |  2.9

Action                   |  1- 3 |  4- 6 || total
-------------------------+-------+-------++-------
Melee: Unarmed           |   116 |       ||   116
       Kick              |     5 |       ||     5
       Tailslap          |     8 |     6 ||    14
       Mace              |     2 |       ||     2
       Headbutt          |     2 |       ||     2
       Punch             |     1 |       ||     1
       Quarterstaff      |       |    72 ||    72
 Cast: Beastly Appendage |    14 |       ||    14
       Spider Form       |     2 |       ||     2
       Sticks to Snakes  |     1 |       ||     1
  Use: Scroll            |     5 |     8 ||    13
  Eat: Chunk             |     3 |     4 ||     7
Armor: Skin              |    36 |    31 ||    67
Dodge: Dodged            |    93 |    46 ||   139
